Map: Ephemeron LE

Players

Zest - Winner!

  • Race: Protoss Protoss
  • Spawn Location: 11:00

Reynor

  • Race: Zerg Zerg
  • Spawn Location: 5:00

Event: IEM Katowice 2020

VOD

Have the link to the VOD?

Description

Time

  • Played on: Feb. 27, 2020, 12:16 p.m.
  • Length: 11:22

All games in this series

Show
View Real Time Build Order
Export as new Build Order

Zest Protoss - Winner!

Build Orders: 1 Gate Expand, Oracle Opening, Zealot Archon 

Get SALT Encoding   

  12  0:00  Probe  
  13  0:13  Pylon  
  13  0:18  Probe (Chrono Boost)  
  15  0:29  Probe (Chrono Boost)  
  15  0:34  Probe (Chrono Boost)  
  16  0:39  Gateway  
  16  0:44  Probe  
  16  0:49  Assimilator  
  17  0:56  Probe  
  18  1:08  Probe  
  19  1:20  Probe  
  20  1:27  Nexus  
  20  1:36  Cybernetics Core  
  20  1:39  Probe  
  21  1:45  Assimilator  
  21  1:52  Probe  
  22  1:56  Pylon  
  22  2:04  Probe  
  23  2:11  Adept (Chrono Boost)  
  25  2:17  Stargate  
  25  2:18  Probe  
  26  2:27  Warp Gate  
  26  2:32  Probe (Chrono Boost)  
  26  2:34  Adept  
  29  2:39  Probe (Chrono Boost)  
  31  2:48  Probe x2 (Chrono Boost)  
  32  2:53  Probe (Chrono Boost)  
  32  2:54  Probe  
  34  2:58  Oracle (Chrono Boost)  
  34  3:05  Probe  
  38  3:07  Probe  
  38  3:08  Stalker  
  41  3:17  Probe  
  41  3:18  Pylon  
  41  3:19  Probe  
  43  3:25  Gateway  
  43  3:29  Probe  
  43  3:33  Oracle (Chrono Boost)  
  44  3:37  Probe  
  44  3:40  Pylon  
  48  3:41  Probe  
  49  3:50  Probe  
  49  3:54  Probe  
  51  4:00  Oracle (Chrono Boost)  
  51  4:01  Assimilator  
  51  4:02  Probe  
  52  4:03  Assimilator  
  52  4:06  Probe  
  56  4:11  Pylon  
  56  4:16  Probe  
  57  4:17  Adept  
  57  4:18  Probe, Adept  
  62  4:28  Nexus  
  62  4:29  Probe  
  62  4:30  Probe  
  64  4:35  Pylon  
  64  4:41  Adept x2  
  64  4:42  Probe x2  
  70  4:47  Pylon  
  70  4:50  Robotics Facility  
  70  4:54  Probe x2  
  72  5:04  Sentry x2  
  72  5:06  Probe x2  
  78  5:18  Forge, Twilight Council  
  78  5:20  Probe x2 (Chrono Boost), Shield Battery  
  80  5:31  Probe x2 (Chrono Boost)  
  80  5:34  Sentry  
  84  5:35  Probe x2 (Chrono Boost)  
  84  5:39  Immortal (Chrono Boost)  
  84  5:40  Probe  
  91  5:46  Probe  
  91  5:47  Protoss Ground Weapons Level 1 (Chrono Boost)  
  91  5:48  Gateway x2  
  89  6:09  Charge, Immortal (Chrono Boost)  
  89  6:10  Gateway  
  89  6:12  Gateway, Templar Archives  
  93  6:19  Probe x3  
  93  6:21  Gateway  
  93  6:22  Gateway  
  93  6:25  Pylon  
  96  6:28  Pylon, Assimilator  
  96  6:29  Assimilator  
  96  6:35  Pylon  
  96  6:36  Warp Prism (Chrono Boost)  
  95  6:47  Gateway, Photon Cannon  
  95  6:49  Gateway  
  95  6:53  High Templar x2  
  99  6:54  Zealot x2  
  99  6:56  Probe x3  
  99  6:57  Archon  
  99  6:58  Observer  
  106  7:01  Pylon x2  
  106  7:07  Zealot  
  109  7:10  Zealot  
  109  7:13  Pylon  
  109  7:24  High Templar x2, Zealot x2  
  109  7:26  Probe x3  
  109  7:28  Archon, Pylon  
  109  7:29  Zealot x2  
  124  7:30  Zealot  
  124  7:37  Zealot  
  128  7:41  Zealot  
  130  7:45  Psionic Storm  
  130  8:03  Protoss Ground Weapons Level 2 (Chrono Boost)  
  130  8:07  Probe x3  
  131  8:17  High Templar x4  
  131  8:18  Zealot x3  
  131  8:19  Probe x2  
  146  8:20  Blink (Chrono Boost)  
  146  8:36  Nexus  
  146  8:37  Pylon  
  146  8:38  Zealot x4  
  154  8:46  Stalker  
  156  8:52  Gateway x2  
  156  9:04  Pylon  
  156  9:08  Pylon  
  156  9:09  High Templar x4  
  164  9:16  Probe x3 (Chrono Boost)  
  154  9:25  Archon  
  154  9:26  Probe x3 (Chrono Boost)  
  154  9:29  Archon  
  154  9:30  Stalker x2  
  161  9:34  High Templar x2, Stalker  
  161  9:36  Photon Cannon  
  165  9:38  Archon  
  165  9:39  Shield Battery  
  165  9:46  Stalker  
  165  9:47  Stalker x3  
  165  9:50  Stalker  
  175  9:58  Stalker x2  
  179  10:06  Stalker x3  
  178  10:14  Archon x2  
  178  10:19  Stalker x4  
  121  10:33  Zealot x2  
  121  10:34  Zealot x6  
  117  10:51  Zealot x4  
  117  10:54  Zealot x11  
  117  10:55  Zealot  
  113  11:11  Zealot x2  
  113  11:14  Zealot x9  
Show
View Real Time Build Order
Export as new Build Order

Reynor Zerg 

Build Orders: Hatch First 

Get SALT Encoding   

  12  0:00  Drone  
  13  0:12  Overlord  
  13  0:16  Drone  
  14  0:30  Drone  
  15  0:43  Drone  
  16  0:50  Drone  
  17  0:57  Drone  
  17  0:58  Hatchery  
  17  1:01  Drone  
  17  1:02  Extractor  
  17  1:16  Spawning Pool  
  16  1:19  Drone  
  16  1:22  Drone  
  18  1:27  Drone  
  19  1:38  Overlord  
  19  1:50  Drone  
  20  2:02  Zergling x2  
  20  2:03  Queen  
  20  2:06  Metabolic Boost  
  23  2:10  Drone  
  23  2:11  Drone  
  23  2:14  Queen  
  27  2:22  Drone x2  
  29  2:32  Zergling x2  
  30  2:40  Hatchery  
  29  2:45  Drone x2  
  29  2:48  Drone  
  32  2:56  Overlord  
  32  3:00  Pneumatized Carapace  
  32  3:01  Drone  
  32  3:04  Zergling x2  
  34  3:07  Zergling x2  
  35  3:14  Zergling x2  
  35  3:15  Drone  
  35  3:16  Drone  
  35  3:17  Queen  
  40  3:21  Overlord  
  40  3:28  Drone x3  
  43  3:36  Drone  
  43  3:37  Overlord  
  43  3:39  Drone  
  45  3:41  Drone  
  46  3:50  Zergling x2  
  46  3:53  Drone x3  
  46  3:54  Drone x2  
  51  3:56  Queen  
  51  4:00  Drone  
  51  4:02  Spore Crawler, Drone  
  51  4:05  Drone  
  52  4:10  Spore Crawler, Drone  
  52  4:12  Spore Crawler  
  52  4:16  Queen  
  53  4:19  Drone x2  
  55  4:25  Drone x2, Overlord  
  55  4:28  Drone x2  
  59  4:33  Queen  
  59  4:37  Zergling x4  
  60  4:39  Drone  
  60  4:40  Drone  
  60  4:44  Zergling x2  
  60  4:45  Drone x2  
  65  4:49  Queen  
  67  4:54  Drone x2  
  67  4:56  Overlord  
  67  4:58  Zergling x2  
  70  5:00  Drone, Evolution Chamber  
  70  5:01  Drone  
  70  5:03  Drone x2  
  70  5:06  Zergling x2  
  74  5:09  Overlord  
  74  5:14  Overlord  
  74  5:19  Lair  
  74  5:20  Extractor, Drone x4  
  77  5:21  Extractor  
  77  5:23  Drone  
  77  5:24  Drone x2  
  77  5:26  Drone x2  
  80  5:40  Drone x5  
  85  5:43  Zerg Melee Weapons Level 1  
  85  5:45  Drone x2  
  85  5:46  Roach Warren  
  85  5:48  Extractor, Overlord  
  85  5:49  Extractor  
  84  5:51  Drone x2  
  84  5:52  Drone  
  84  5:53  Drone  
  84  5:55  Queen  
  87  5:57  Drone  
  87  5:58  Extractor  
  87  6:00  Drone  
  87  6:03  Overlord  
  87  6:12  Drone x3  
  87  6:14  Drone x3  
  92  6:23  Overseer, Baneling Nest  
  91  6:26  Overlord  
  91  6:29  Glial Reconstitution  
  91  6:30  Zergling x6, Roach x2  
  91  6:31  Zergling x2, Hatchery  
  97  6:36  Roach  
  97  6:37  Zergling x4, Roach x2  
  97  6:39  Overlord  
  104  6:40  Spore Crawler  
  104  6:44  Zergling x6, Roach x3  
  117  6:54  Roach x2  
  117  6:56  Roach  
  119  7:03  Roach  
  119  7:06  Zergling x10, Roach  
  119  7:07  Zergling x2  
  129  7:09  Baneling x3  
  129  7:10  Overlord x3  
  129  7:17  Spine Crawler  
  129  7:18  Overlord  
  129  7:21  Baneling x7  
  128  7:24  Ravager x2  
  128  7:25  Overlord  
  130  7:31  Zergling x8, Roach  
  130  7:36  Zergling x6, Roach x2  
  130  7:37  Zergling x2  
  141  7:38  Centrifical Hooks  
  141  7:45  Zergling x2, Roach x2  
  146  7:52  Baneling x3  
  146  7:54  Roach x2  
  146  7:55  Zergling x2  
  151  8:02  Zergling x2, Roach  
  151  8:03  Zergling x4  
  156  8:06  Hatchery, Zerg Melee Weapons Level 2  
  156  8:12  Zergling x10  
  154  8:19  Zergling x4, Roach  
  153  8:24  Ravager x4  
  158  8:27  Roach  
  158  8:30  Zergling x6, Roach  
  158  8:32  Evolution Chamber  
  158  8:33  Zergling x2  
  163  8:36  Baneling  
  163  8:37  Baneling x3  
  163  8:41  Roach x2  
  167  8:42  Overlord  
  167  8:48  Overlord  
  167  8:50  Drone  
  167  8:52  Drone x2  
  167  8:53  Overlord  
  170  8:58  Overlord  
  170  9:00  Queen  
  170  9:01  Drone x2  
  174  9:03  Drone x4  
  174  9:05  Overlord  
  178  9:11  Zergling x4, Roach  
  178  9:21  Zergling x16, Roach  
  186  9:24  Zerg Missile Weapons Level 1  
  186  9:29  Baneling x12  
  185  9:32  Roach x6  
  185  9:34  Baneling x7  
  196  9:39  Zergling x6  
  196  9:45  Overlord  
  199  9:53  Overlord  
  199  9:56  Hatchery  
  198  10:04  Baneling x5  
  198  10:05  Baneling x19  
  183  10:17  Zergling x8  
  183  10:18  Zergling x24  
  174  10:21  Roach  
  174  10:26  Zergling x4, Roach  
  174  10:27  Zergling x2, Queen  
  151  10:29  Roach  
  151  10:30  Roach  
  151  10:32  Zergling x2  
  141  10:39  Roach  
  141  10:41  Roach x2  
  139  10:47  Roach x3  
  139  10:48  Roach  
  136  10:53  Zergling x6, Roach x2  
  136  10:54  Zergling x2  
  126  11:01  Zergling x2, Roach x3  
  116  11:05  Ravager  
  116  11:09  Ravager x3  

Tags
 
Add a new tag
Caveats
  • Supply blocks, unpowered buildings, or Contaminate may cause inaccurate times.
  • Supply counts are checked every 10 seconds.